 Dungeon Crawl Stone Soup version 0.30.1-8-g117510f58f (webtiles) character file.

Game seed: 18318897593541364145

13514 monsoonserge the Magus (level 11, -1/87 HPs)
             Began as a Demonspawn Monk on Sept 22, 2023.
             Was an Elder of Nemelex Xobeh.
             Slain by a death knight
             ... wielding a +1 battleaxe of flaming
              (7 damage)
             ... on level 12 of the Dungeon.
             The game lasted 00:34:48 (12280 turns).

monsoonserge the Magus (Demonspawn Monk)           Turns: 12280, Time: 00:34:50

Health: -1/87      AC: 25    Str: 11    XL:     11   Next: 76%
Magic:  17/17      EV: 16    Int: 13    God:    Nemelex Xobeh [****..]
Gold:   406        SH:  0    Dex: 19    Spells: 10/10 levels left

rFire   . . .        S - +3 short sword (freeze)
rCold   . . .        d - orb {light}
rNeg    . . .        O - +3 leather armour
rPois   .            E - +0 helmet
rElec   .            j - scarf {repulsion}
rCorr   .            H - +0 pair of gloves
SInv    .            (no boots)
Will    .....        l - amulet of the acrobat
Stlth   +            i - +4 ring of protection
HPRegen 0.34/turn    Q - ring of flight
MPRegen 0.15/turn

%: repel missiles, acrobat
@: sanguine armoured, flying, glowing
A: hooves 2, foul stench 2, sanguine armour 3
a: Renounce Religion, Draw Escape, Draw Destruction, Draw Summoning, Triple
Draw, Deal Four


You were on level 12 of the Dungeon.
You worshipped Nemelex Xobeh.
Nemelex Xobeh was greatly pleased with you.
You visited 2 branches of the dungeon, and saw 13 of its levels.
You also visited: Sewer.

You collected 694 gold pieces.
You spent 288 gold pieces at shops.

Inventory:

Hand Weapons
 f - a +2 dagger of draining
 m - a +1 short sword of electrocution
 G - a +2 dagger of flaming
 J - a +1 vampiric short sword
 M - a +0 shortbow
 S - a +3 short sword of freezing (weapon)
 T - a +1 dagger of distortion
 Z - the +1 rapier "Cyshriff" {venom, rC+ Int+4 Dex-3 Stlth+}
   (You bought it in a shop on level 10 of the Dungeon)

   Int:       It affects your intelligence (+4).
   Dex:       It affects your dexterity (-3).
   rC:        It protects you from cold.
   Stlth:     It makes you more stealthy.
Missiles
 c - 7 datura-tipped darts
 g - a curare-tipped dart
 t - 37 poisoned darts
 F - 14 boomerangs (quivered)
 X - 6 javelins
Armour
 d - an orb of light (worn)
 j - a scarf of repulsion (worn)
 E - a +0 helmet (worn)
 H - a +0 pair of gloves (worn)
 K - a +2 chain mail of poison resistance
 L - a scarf of harm
 O - a +3 leather armour (worn)
Jewellery
 i - a +4 ring of protection (left hand)
 l - an amulet of the acrobat (around neck)
 Q - a ring of flight (right hand)
Wands
 b - a wand of mindburst (20)
 w - a wand of roots (8)
 U - a wand of polymorph (4)
 V - a wand of charming (2)
Scrolls
 e - 15 scrolls of identify {unknown}
 h - 7 scrolls of teleportation {unknown}
 k - a scroll of amnesia {unknown}
 r - 4 scrolls of vulnerability {unknown}
 u - 2 scrolls of immolation {unknown}
 v - a scroll of acquirement {unknown}
 y - a scroll of fear {unknown}
 z - 2 scrolls of poison {unknown}
 A - 6 scrolls of enchant weapon {unknown}
 P - a scroll of summoning {unknown}
 R - a scroll of fog {unknown}
Potions
 a - a potion of lignification {unknown}
 n - 2 potions of invisibility {unknown}
 o - 3 potions of magic {unknown}
 p - 5 potions of haste {unknown}
 q - 7 potions of mutation {unknown}
 s - 2 potions of might
 x - 3 potions of attraction {unknown}
 B - 4 potions of heal wounds {unknown}
 C - 3 potions of curing
 D - 4 potions of brilliance {unknown}
 I - 4 potions of flight
 Y - a potion of berserk rage {unknown}
Miscellaneous
 W - a phantom mirror


   Skills:
 + Level 8.4 Fighting
 + Level 8.8(9.2) Short Blades
 + Level 4.1(7.0) Long Blades
 + Level 4.3 Throwing
 + Level 6.6 Armour
 + Level 7.2 Dodging
 + Level 3.0 Stealth
 * Level 9.1 Invocations
 * Level 2.9 Evocations


You had 10 spell levels left.
You didn't know any spells.
Your spell library contained the following spells:

 Spells                   Type           Power      Damage    Failure   Level
 Beastly Appendage        Tmut           0%         N/A       36%         1
 Freeze                   Ice            0%         1d3       36%         1
 Blink                    Tloc           0%         N/A       52%         2
 Lesser Beckoning         Tloc           0%         N/A       52%         2
 Momentum Strike          Conj/Tloc      0%         3d8       52%         2
 Wereblood                Tmut           0%         N/A       52%         2
 Frozen Ramparts          Ice            0%         1d1       75%         3
 Gell's Gravitas          Tloc           0%         N/A       75%         3
 Hailstorm                Conj/Ice       0%         3d3       75%         3
 Inner Flame              Hex/Fire       0%         N/A       75%         3
 Spider Form              Tmut/Pois      0%         N/A       75%         3
 Teleport Other           Tloc           0%         N/A       75%         3
 Yara's Violent Unravell  Hex/Tmut       0%         3d3       100%        5
 Enfeeble                 Hex            0%         N/A       100%        7


Dungeon Overview and Level Annotations

Branches:
Dungeon (12/15)            Temple (1/1) D:5            Lair (0/5) D:10
    Orc (0/2) D:11          Sewer (visited)

Altars:
Ashenzari
Cheibriados
Dithmenos
Fedhas
Gozag
Hepliaklqana
Kikubaaqudgha
Makhleb
Nemelex Xobeh
Okawaru
Qazlal
Ru
Sif Muna
Uskayaw
Vehumet
Wu Jian
Xom
Yredelemnul

Shops:
D:10 (   D:11 [*

Annotations:
D:8 2 transporters


Innate Abilities, Weirdness & Mutations

You have hoof-like feet.
You sometimes emit foul miasma when damaged in melee.
When seriously injured, your blood forms very thick armour. (AC +12)


Message History

The death knight is heavily wounded.
Your rakshasa hits the wraith but does no damage.
Unknown command.
You completely miss the death knight.
The death knight is heavily wounded.
The death knight misses you.
The death knight barely misses your neqoxec.
The death knight hits your rakshasa with a +1 battleaxe of flaming!
The death knight burns your rakshasa.
Your neqoxec closely misses the death knight.
The wraith hits your rakshasa.
You hit the death knight. You freeze the death knight.
You kick the death knight, but do no damage.
The death knight is severely wounded.
Your rakshasa hits the wraith with a +0 long sword.
Your rakshasa closely misses the wraith.
Your rakshasa gestures at the wraith.
The lance of force hits the wraith!
The wraith is destroyed!
You hit the death knight but do no damage.
You kick the death knight, but do no damage.
The death knight is severely wounded.
The death knight barely misses you.
The death knight hits your neqoxec with a +1 battleaxe of flaming!
The death knight burns your neqoxec.
The death knight hits your rakshasa with a +1 battleaxe of flaming!
The death knight burns your rakshasa.
Your rakshasa dies!
Your rakshasa shimmers and vanishes!
You barely miss the death knight.
The death knight is severely wounded.
Unknown command.
You hit the death knight but do no damage.
You kick the death knight.
The death knight is severely wounded.
The death knight hits you with a +1 battleaxe of flaming!!
* * * LOW HITPOINT WARNING * * *
The death knight burns you!
You die...
Your body glows with a rainbow of weird colours and disappears.

........# #.......#
#.......# ......# #
.....#### #.
##......## .. #.
##..p.....## ...#..
#..R3@.....#
......####..R.......#
W...................#
#....##.##..........#
### #.............#
#####........##
#..........#
#.<........#
#..........#


You could see a death knight (ally target), 2 friendly rakshasas and a friendly
neqoxec (summoned, confused).

Vanquished Creatures
  A fire dragon (D:9)
  Erolcha (D:9)
  4 two-headed ogres
  Amaemon (D:9)
  An ugly thing (D:11)
  Psyche (D:9)
  An orange demon (D:9)
  3 kobold demonologists
  A troll (D:10)
  2 hornets
  2 wraiths (D:11)
  6 yaks (D:11)
  3 ice beasts
  5 orc warriors
  2 sky beasts
  2 black bears
  An ogre (D:11)
  3 centaurs
  5 kobold brigands
  5 bullfrogs
  5 scorpions
  5 wights
  9 killer bees
  6 hounds
  2 jellies
  8 orc priests
  Terence (D:3)
  An iguana (D:4)
  A sleepcap (D:6)
  Natasha (thrice) (D:3)
  14 orc wizards
  10 adders
  7 gnolls
  8 river rats
  2 shadow imps
  2 white imps (D:10)
  2 worms
  2 dart slugs
  64 orcs
  9 ball pythons
  5 endoplasms
  A giant cockroach (D:1)
  13 goblins
  10 hobgoblins
  6 jackals
  5 quokkas
  3 bats
  17 frilled lizards
  42 kobolds
  15 rats
328 creatures vanquished.

Vanquished Creatures (collateral kills)
  Rupert (D:12)
  A wraith (D:12)
2 creatures vanquished.

Vanquished Creatures (others)
  An angel (D:10)
  A swamp drake (D:11)
  An orc (D:11)
3 creatures vanquished.

Grand Total: 333 creatures vanquished

Notes
Turn   | Place    | Note
-------+----------+-------------------------------------------
     0 | D:1      | monsoonserge the Demonspawn Monk began the quest for the
                  | Orb.
     0 | D:1      | Reached XP level 1. HP: 18/18 MP: 1/1
   173 | D:1      | Gained mutation: You may rarely emit foul miasma when
                  | damaged in melee. [demonic ancestry]
   173 | D:1      | Reached XP level 2. HP: 24/24 MP: 2/2
   341 | D:1      | Found a faded altar of an unknown god.
  1080 | D:2      | Identified the +2 spear of Satyriasis {flame, Dex+5}
  1566 | D:2      | Gained mutation: You have large cloven feet. [demonic
                  | ancestry]
  1566 | D:2      | Reached XP level 3. HP: 20/29 MP: 3/3
  1709 | D:3      | Reached skill level 1 in Armour
  1768 | D:3      | Noticed Natasha
  1775 | D:3      | Killed Natasha
  1776 | D:3      | Gained mutation: When seriously injured, your blood forms
                  | armour. (AC +12) [demonic ancestry]
  1776 | D:3      | Reached XP level 4. HP: 25/35 MP: 4/4
  1782 | D:3      | Noticed Terence
  1798 | D:3      | Killed Terence
  1866 | D:3      | Gained mutation: You have hoof-like feet. [demonic
                  | ancestry]
  1866 | D:3      | Reached XP level 5. HP: 26/42 MP: 5/5
  1923 | D:3      | Noticed Natasha
  1934 | D:3      | Killed Natasha
  2013 | D:3      | Found a glowing drain.
  2017 | Sewer    | Entered a sewer
  2254 | Sewer    | Gained mutation: When seriously injured, your blood forms
                  | thick armour. (AC +12) [demonic ancestry]
  2254 | Sewer    | Reached XP level 6. HP: 48/48 MP: 6/6
  2737 | D:3      | Reached skill level 1 in Short Blades
  2767 | D:3      | Noticed Natasha
  2773 | D:3      | Killed Natasha
  2867 | D:3      | Found a hazy altar of Hepliaklqana.
  3465 | D:4      | Reached XP level 7. HP: 37/55 MP: 7/7
  3871 | D:4      | Found a hide-covered altar of Uskayaw.
  4759 | D:5      | Entered Level 5 of the Dungeon
  4957 | D:5      | Found a staircase to the Ecumenical Temple.
  4966 | Temple   | Entered the Ecumenical Temple
  5282 | D:5      | Gained mutation: You sometimes emit foul miasma when
                  | damaged in melee. [demonic ancestry]
  5282 | D:5      | Reached XP level 8. HP: 61/61 MP: 8/8
  5389 | Temple   | Became a worshipper of Nemelex Xobeh the Trickster
  5389 | Temple   | Reached * piety under Nemelex Xobeh
  5389 | Temple   | Received a gift from Nemelex Xobeh
  5389 | Temple   | Reached ** piety under Nemelex Xobeh
  5471 | D:5      | Reached skill level 5 in Fighting
  5785 | D:6      | Reached skill level 1 in Invocations
  6002 | D:6      | Reached skill level 2 in Invocations
  6158 | D:6      | Reached skill level 5 in Armour
  6326 | D:6      | Reached skill level 1 in Stealth
  6925 | D:6      | Reached skill level 3 in Invocations
  7138 | D:7      | Reached skill level 4 in Invocations
  7138 | D:7      | Reached XP level 9. HP: 68/68 MP: 10/12
  7209 | D:7      | Reached skill level 5 in Dodging
  7250 | D:8      | Reached skill level 5 in Short Blades
  7689 | D:8      | Reached skill level 5 in Invocations
  7745 | D:8      | Received a gift from Nemelex Xobeh
  7790 | D:7      | Reached *** piety under Nemelex Xobeh
  8011 | D:7      | Reached skill level 1 in Throwing
  8375 | D:8      | Found a transporter.
  8377 | D:8      | Found a transporter.
  8378 | D:8      | Noticed a boulder beetle
  8636 | D:8      | Found an iron altar of Okawaru.
  9060 | D:9      | Noticed a two-headed ogre
  9071 | D:9      | Killed a two-headed ogre
  9072 | D:9      | Reached skill level 6 in Invocations
  9072 | D:9      | Gained mutation: When seriously injured, your blood forms
                  | very thick armour. (AC +12) [demonic ancestry]
  9072 | D:9      | Reached XP level 10. HP: 57/77 MP: 14/14
  9288 | D:9      | Received a gift from Nemelex Xobeh
  9382 | D:9      | Noticed Psyche
  9392 | D:9      | Killed Psyche
  9525 | D:9      | Noticed a two-headed ogre
  9537 | D:9      | Killed a two-headed ogre
  9538 | D:9      | Reached skill level 7 in Invocations
  9596 | D:9      | Noticed Erolcha
  9613 | D:9      | Killed Erolcha
  9782 | D:9      | Noticed Amaemon
  9788 | D:9      | Noticed an orange demon
  9803 | D:9      | Killed Amaemon
  9804 | D:9      | Reached skill level 1 in Evocations
  9811 | D:9      | Killed an orange demon
 10052 | D:9      | Noticed a fire dragon
 10208 | D:9      | Killed a fire dragon
 10209 | D:9      | Reached skill level 8 in Invocations
 10209 | D:9      | Reached XP level 11. HP: 59/85 MP: 15/17
 10415 | D:10     | Entered Level 10 of the Dungeon
 10563 | D:10     | Received a gift from Nemelex Xobeh
 10641 | D:10     | Noticed a two-headed ogre
 10652 | D:10     | Killed a two-headed ogre
 10654 | D:10     | Killed an angel
 10785 | D:10     | Found Jahyu's Antique Weapon Shop.
 10790 | D:10     | Found a shimmering altar of Xom.
 10796 | D:10     | Bought an iridescent rapier for 288 gold pieces
 10796 | D:10     | Identified the +1 rapier "Cyshriff" {venom, rC+ Int+4 Dex-3
                  | Stlth+} (You bought it in a shop on level 10 of the
                  | Dungeon)
 10804 | D:10     | Noticed a death yak
 10806 | D:10     | Found a staircase to the Lair.
 10806 | D:10     | Noticed a death yak
 10807 | D:10     | Noticed a death yak
 10826 | D:11     | Reached **** piety under Nemelex Xobeh
 10914 | D:11     | Found Rugohusa's Neck Hole.
 11401 | D:11     | Noticed a two-headed ogre
 11416 | D:11     | Killed a two-headed ogre
 11557 | D:11     | Found Peago's Armour Shop.
 11606 | D:11     | Noticed a white ugly thing
 11618 | D:11     | Killed a white ugly thing
 12013 | D:11     | Found a staircase to the Orcish Mines.
 12243 | D:12     | Noticed Rupert
 12245 | D:12     | Noticed a death knight
 12261 | D:12     | Paralysed by Rupert for 4 turns
 12269 | D:12     | Killed Rupert
 12270 | D:12     | Reached skill level 9 in Invocations
 12280 | D:12     | Slain by a death knight

Illustrated notes

Levels and vault maps discovered:
D:1:      saegor_arrival_fortress, layout_loops_ring,
          hellmonk_ecumenical_altar_heavens_door, minmay_lizard_king
D:2:      layout_basic
D:3:      layout_basic, nzn_hepliaklqana_mist_gate, gup_sewer_entry_spiral,
          uniq_natasha, uniq_terence
D:4:      corexii_shantytown, layout_basic, kennysheep_little_box
D:5:      layout_basic, minmay_temple_entry_mini_moons, wad_floor_pattern_2
D:6:      layout_loops_ring, mainiacjoe_overflow_concentric_impassable
D:7:      layout_cave_pools, serial_bayou_pond_d
D:8:      gammafunk_boulding_lane, layout_loops_ring,
          kennysheep_okawaru_gauntlet
D:9:      dragon1_lemuel, layout_long_grid, uniq_amaemon, uniq_psyche,
          uniq_erolcha
D:10:     layout_long_grid, grunt_temple_overflow_order_and_chaos_1,
          lightli_temple_of_fire, dpeg_lair_monsters, serial_shops, shop,
          serial_ice, serial_ice_a, serial_ice_k, serial_ice_o, serial_ice_b,
          minmay_unpleasant_kobolds
D:11:     layout_loops_cross, erik_orc_1, nicolae_take_the_stairs,
          nicolae_shop_sticking_my_neck_out
D:12:     cheibrodos_tormentor_scu, layout_rooms, serial_shops, bzr_firewalk,
          uniq_fannar, uniq_urug, uniq_rupert
Temple:   regret_index_temple_generic_petals

Skill      XL: |  1  2  3  4  5  6  7  8  9 10 11 |
---------------+----------------------------------+-----
Dodging        | 3 4 5 6 7 |  7.2
Long Blades    | 3 4 |  4.1
Armour         | 1 2 3 4 5 6 |  6.6
Fighting       | 4 5 6 7 8 |  8.4
Short Blades   | 1 3 4 6 8 |  8.8
Invocations    | 4 6 8 9 |  9.1
Stealth        | 1 2 3 |  3.0
Throwing       | 1 3 4 |  4.3
Evocations     | 1 2 |  2.9

Action                     |  1- 3 |  4- 6 |  7- 9 | 10-12 || total
---------------------------+-------+-------+-------+-------++-------
  Melee: Long sword        |    39 |       |       |       ||    39
         Spear             |    31 |    78 |       |       ||   109
         Kick              |     6 |    63 |   266 |   170 ||   505
         Short sword       |       |   131 |   534 |   335 ||  1000
         Dagger            |       |       |    65 |    11 ||    76
  Throw: Dart              |       |       |    16 |    29 ||    45
         Boomerang         |       |       |     5 |     4 ||     9
 Invoke: Draw Destruction  |       |       |     6 |     8 ||    14
         Draw Escape       |       |       |     1 |       ||     1
         Draw Summoning    |       |       |       |     3 ||     3
    Use: Potion            |       |     1 |       |       ||     1
   Stab: Distracted        |       |       |       |     2 ||     2
 Armour: Ring mail         |    19 |     1 |       |       ||    20
         Scale mail        |       |    80 |   261 |       ||   341
         Leather armour    |       |       |    35 |    66 ||   101
  Dodge: Dodged            |    40 |   105 |   272 |   185 ||   602
         Repelled          |       |     1 |     1 |     4 ||     6
